Golden Knights vs Jets
Created - May 5, 2022 at 19:28
Goals
|
| Golden Knights |
2 |
2 |
0 |
0 |
0 |
4 |
| Jets |
1 |
2 |
1 |
0 |
2 |
5 |
|
Shots
|
| Golden Knights |
11 |
13 |
5 |
1 |
2 |
30 |
| Jets |
11 |
14 |
13 |
1 |
2 |
39 |
|
1st period
1. Golden Knights , Andrei Loktionov 29 (Tom Wilson 10) at 0:35
2. Jets , Alexander Wennberg 10 (Jeff Schultz 28, Pierre-Marc Bouchard 8) at 1:50
3. Golden Knights , Andrei Loktionov 30 (Zach Bogosian 43) at 17:35
Penalties :
Noel Acciari (Win) for Hooking (Minor) at 4:21
2nd period
4. Jets , Alexander Wennberg 11 (Eric Nystrom 2, Pierre-Marc Bouchard 9) at 1:44
5. Golden Knights , Nathan Horton 7 (Zach Bogosian 44) at 9:20 (PP)
6. Jets , Alexander Wennberg 12 (Pierre-Marc Bouchard 10, Eric Nystrom 3) at 11:24
7. Golden Knights , Matt Stajan 16 (Kellan Lain 23, Damien Brunner 5) at 17:08 (PP)
Penalties :
Brent Burns (Win) for Hooking (Minor) at 4:57, Marco Scandella (Win) for Hooking (Minor) at 9:07, Michal Neuvirth (Win) for Slashing (Minor) at 13:47 - Jeff Schultz served the penalty, Jordan Martinook (Win) for Roughing (Minor) at 16:58
3rd period
8. Jets , Viktor Arvidsson 20 (Ryan Johansen 45) at 9:16
Penalties :
Dougie Hamilton (Win) for Slashing (Minor) at 1:13, Vladimir Mihalik (Veg) for Roughing (Minor) at 14:54, Tom Wilson (Veg) for Tripping (Minor) at 18:15
Overtime #1
No Goal
Penalties :
No Penalty
Shootout
Golden Knights, Andrei Loktionov - Shot Misses the Net
Jets, Viktor Arvidsson - Goal!
Golden Knights, Andrew Cogliano - Stopped by Michal Neuvirth
Jets, Ryan Johansen - Goal!
Penalties :
No Penalty
Goalie Stats
Matt Hackett (Veg), 35 saves from 39 shots - (0.897), OTL, 6-5-2, 65:00 minutes
Michal Neuvirth (Win), 26 saves from 30 shots - (0.867), W, 20-22-2, 65:00 minutes
Players Stats for Golden Knights
Player Name G A P +/- PIM S H SB GA TA FO MP PP MP PK MP
------------------------------------------------------------------------------------
Andrei Loktionov 2 0 2 0 0 6 0 0 1 0 14/38 26:56 4:32 2:27
Andrew Cogliano 0 0 0 0 0 1 2 0 0 0 1/1 23:37 4:15 2:10
Chris Tierney 0 0 0 -1 0 2 2 0 0 0 1/4 14:40 0:17 0:09
Damien Brunner 0 1 1 -1 0 3 1 1 0 0 1/1 16:29 3:47 0:00
Danny DeKeiser 0 0 0 -1 0 1 1 4 0 0 0/0 22:23 3:19 1:18
Eric Gryba 0 0 0 -1 0 0 1 3 0 0 0/0 22:05 3:19 1:18
Jamie Oleksiak 0 0 0 0 0 0 1 0 0 0 0/0 2:53 0:00 0:00
Kellan Lain 0 1 1 -1 0 2 0 2 0 0 0/1 21:05 3:47 1:23
Luke Glendening 0 0 0 -1 0 1 0 1 0 1 0/1 16:41 0:00 0:50
Martin Hanzal 0 0 0 0 0 0 0 0 0 0 0/2 6:08 0:00 0:00
Mathew Dumba 0 0 0 0 0 1 1 0 0 0 0/0 28:50 5:00 2:40
Matt Stajan 1 0 1 -1 0 5 1 2 0 1 3/10 19:31 3:47 0:36
Nathan Horton 1 0 1 0 0 1 0 0 0 0 0/0 10:12 4:15 0:00
Olli Maatta 0 0 0 -1 0 0 0 0 1 0 0/0 12:20 0:00 0:00
Thomas Vanek 0 0 0 -1 0 4 2 1 1 0 2/2 14:59 0:17 0:06
Tom Wilson 0 1 1 0 2 0 1 0 0 0 0/0 14:53 0:00 0:00
Vladimir Mihalik 0 0 0 -1 2 1 0 0 0 0 0/0 12:21 0:00 0:00
Zach Bogosian 0 2 2 0 0 2 0 1 0 0 0/0 29:57 5:00 2:40
Players Stats for Jets
Player Name G A P +/- PIM S H SB GA TA FO MP PP MP PK MP
------------------------------------------------------------------------------------
Adam Henrique 0 0 0 0 0 4 1 0 2 0 10/15 19:06 1:58 1:00
Alexander Wennberg 3 0 3 2 0 4 2 0 0 1 5/8 11:27 0:00 0:00
Brent Burns 0 0 0 2 2 1 1 1 0 0 0/0 23:54 1:24 3:18
Dougie Hamilton 0 0 0 0 2 3 0 1 0 1 0/0 25:40 2:19 1:07
Eric Nystrom 0 2 2 2 0 2 0 0 0 0 1/1 15:04 0:00 3:30
Frank Vatrano 0 0 0 0 0 4 1 0 0 0 0/0 12:11 0:00 4:09
Jake McCabe 0 0 0 0 0 0 1 0 0 0 0/0 15:41 2:19 1:03
Jason Zucker 0 0 0 0 0 2 1 1 0 0 0/1 20:10 1:58 0:34
Jeff Schultz 0 1 1 0 0 1 0 2 0 0 0/0 27:57 0:00 3:08
Johnny Boychuk 0 0 0 0 0 0 0 1 0 1 0/0 15:07 0:00 4:01
Jordan Martinook 0 0 0 0 2 0 1 0 0 0 0/0 7:46 0:00 0:00
Kyle Okposo 0 0 0 0 0 4 3 0 0 0 1/2 18:22 1:45 1:40
Marco Scandella 0 0 0 2 2 0 0 0 0 0 0/0 22:03 1:24 4:01
Max Domi 0 0 0 0 0 1 3 0 0 0 1/1 16:23 1:45 0:00
Noel Acciari 0 0 0 0 2 2 1 0 0 0 10/14 12:42 0:00 3:34
Pierre-Marc Bouchard 0 3 3 2 0 0 0 0 0 0 0/0 10:39 0:00 0:00
Ryan Johansen 0 1 1 0 0 5 3 0 0 0 10/17 19:25 1:45 2:11
Viktor Arvidsson 1 0 1 0 0 6 4 1 0 0 0/1 17:59 1:58 0:00
3 Stars
1 - Alexander Wennberg (Win)
2 - Pierre-Marc Bouchard (Win)
3 - Andrei Loktionov (Veg)
Power Play
Golden Knights - 2 on 6 Attempt(s) - 33.33%
Jets - 0 on 2 Attempt(s) - 0.00%
Penalty Kill
Golden Knights - 2 on 2 Attempt(s) - 100.00%
- Score 0 goal in Penalty Kill
Jets - 4 on 6 Attempt(s) - 66.67%
- Score 0 goal in Penalty Kill
Team Stat
Golden Knights - Hits : 13 - Faceoff Wins : 22 - Blocked Shots : 15 - Penalty Minutes : 4
Jets - Hits : 22 - Faceoff Wins : 38 - Blocked Shots : 7 - Penalty Minutes : 12
Official
Referees : Kyle Rehman and Pierre Lambert
Linesman : Vaughan Rody and Andrew Smith
Game Notes
Alexander Wennberg has scored a Hat Trick!
Finance
Level 1 -- Attendance: 5904 (98.40%) -- Ticket Income $590,400
Level 2 -- Attendance: 5000 (100.00%) -- Ticket Income $300,000
Level 3 -- Attendance: 1976 (98.80%) -- Ticket Income $69,160
Level 4 -- Attendance: 3915 (97.88%) -- Ticket Income $97,875
Luxury Box -- Attendance: 988 (98.80%) -- Ticket Income $197,600
Game was played at the Bell MTS Place.
Total Attendance: 17783 (98.79%)
Total Ticket Income: $1,255,035
Other Income: $188,255
Total Income: $1,443,290
Golden Knights
5 vs 5 Forward
Center Left Wing Right Wing Time % Phy DF OF
1 Andrei Loktionov Andrew Cogliano Tom Wilson 40 1 2 2
2 Matt Stajan Kellan Lain Luke Glendening 30 1 2 2
3 Chris Tierney Thomas Vanek Damien Brunner 20 1 2 2
4 Martin Hanzal Andrei Loktionov Nathan Horton 10 1 2 2
5 vs 5 Defense
Defense Defense Time % Phy DF OF
1 Zach Bogosian Mathew Dumba 40 1 2 2
2 Danny DeKeiser Eric Gryba 30 1 2 2
3 Vladimir Mihalik Olli Maatta 20 1 2 2
4 Jamie Oleksiak Zach Bogosian 10 1 2 2
PowerPlay Forward
Center Left Wing Right Wing Time % Phy DF OF
1 Andrei Loktionov Andrew Cogliano Nathan Horton 60 1 2 2
2 Matt Stajan Kellan Lain Damien Brunner 40 1 2 2
PowerPlay Defense
Defense Defense Time % Phy DF OF
1 Zach Bogosian Mathew Dumba 60 1 2 2
2 Danny DeKeiser Eric Gryba 40 1 2 2
Penalty Kill 4 Players Forward
Center Wing Time % Phy DF OF
1 Andrei Loktionov Andrew Cogliano 60 1 2 2
2 Matt Stajan Kellan Lain 40 1 2 2
Penalty Kill 4 Players Defense
Defense Defense Time % Phy DF OF
1 Zach Bogosian Mathew Dumba 60 1 2 2
2 Danny DeKeiser Eric Gryba 40 1 2 2
Penalty Kill - 3 Players Forward
Forward Time % Phy DF OF
1 Andrei Loktionov 60 1 2 2
2 Andrew Cogliano 40 1 2 2
Penalty Kill - 3 Players Defense
Defense Defense Time % Phy DF OF
1 Zach Bogosian Mathew Dumba 60 1 2 2
2 Danny DeKeiser Eric Gryba 40 1 2 2
4 vs 4 Forward
Center Wing Time % Phy DF OF
1 Andrei Loktionov Andrew Cogliano 60 1 2 2
2 Matt Stajan Kellan Lain 40 1 2 2
4 vs 4 Defense
Defense Defense Time % Phy DF OF
1 Zach Bogosian Mathew Dumba 60 1 2 2
2 Danny DeKeiser Eric Gryba 40 1 2 2
Last Minutes Offensive
Center Left Wing Right Wing Defense Defense
Andrei Loktionov Andrew Cogliano Nathan Horton Zach Bogosian Mathew Dumba
Last Minutes Defensive
Center Left Wing Right Wing Defense Defense
Andrei Loktionov Andrew Cogliano Nathan Horton Zach Bogosian Mathew Dumba
Goaltenders
Starting : Matt Hackett
Backup : Ondrej Pavelec
Extra Forwards
Normal : Thomas Vanek, Chris Tierney, Luke Glendening - PP : Thomas Vanek, Chris Tierney - PK : Luke Glendening
Extra Defensemen
Normal : Vladimir Mihalik, Olli Maatta, Jamie Oleksiak - PP : Vladimir Mihalik - PK : Olli Maatta, Jamie Oleksiak
Penalty Shots
Andrei Loktionov, Andrew Cogliano, Matt Stajan, Kellan Lain, Thomas Vanek
Scratches
Michael Raffl (Healthy), Shawn Matthias (Healthy)
Jets
5 vs 5 Forward
Center Left Wing Right Wing Time % Phy DF OF
1 Ryan Johansen Jason Zucker Viktor Arvidsson 40 1 2 2
2 Adam Henrique Max Domi Kyle Okposo 30 1 2 2
3 Alexander Wennberg Eric Nystrom Pierre-Marc Bouchard 20 1 2 2
4 Noel Acciari Jordan Martinook Frank Vatrano 10 1 2 2
5 vs 5 Defense
Defense Defense Time % Phy DF OF
1 Jeff Schultz Dougie Hamilton 40 1 2 2
2 Marco Scandella Brent Burns 30 1 2 2
3 Jake McCabe Johnny Boychuk 20 1 2 2
4 Jeff Schultz Brent Burns 10 1 2 2
PowerPlay Forward
Center Left Wing Right Wing Time % Phy DF OF
1 Adam Henrique Jason Zucker Viktor Arvidsson 60 0 0 5
2 Ryan Johansen Max Domi Kyle Okposo 40 0 0 5
PowerPlay Defense
Defense Defense Time % Phy DF OF
1 Jake McCabe Dougie Hamilton 60 0 1 4
2 Marco Scandella Brent Burns 40 0 1 4
Penalty Kill 4 Players Forward
Center Wing Time % Phy DF OF
1 Noel Acciari Frank Vatrano 60 0 4 1
2 Ryan Johansen Eric Nystrom 40 0 4 1
Penalty Kill 4 Players Defense
Defense Defense Time % Phy DF OF
1 Jeff Schultz Brent Burns 60 0 4 1
2 Marco Scandella Johnny Boychuk 40 0 4 1
Penalty Kill - 3 Players Forward
Forward Time % Phy DF OF
1 Adam Henrique 60 0 4 1
2 Ryan Johansen 40 0 4 1
Penalty Kill - 3 Players Defense
Defense Defense Time % Phy DF OF
1 Jeff Schultz Brent Burns 60 0 5 0
2 Marco Scandella Dougie Hamilton 40 0 5 0
4 vs 4 Forward
Center Wing Time % Phy DF OF
1 Adam Henrique Kyle Okposo 60 1 2 2
2 Ryan Johansen Jason Zucker 40 1 2 2
4 vs 4 Defense
Defense Defense Time % Phy DF OF
1 Jeff Schultz Brent Burns 60 1 2 2
2 Marco Scandella Dougie Hamilton 40 1 2 2
Last Minutes Offensive
Center Left Wing Right Wing Defense Defense
Ryan Johansen Jason Zucker Viktor Arvidsson Jeff Schultz Dougie Hamilton
Last Minutes Defensive
Center Left Wing Right Wing Defense Defense
Ryan Johansen Eric Nystrom Frank Vatrano Jeff Schultz Brent Burns
Goaltenders
Starting : Michal Neuvirth
Backup : Marc-André Fleury
Extra Forwards
Normal : Jason Zucker, Max Domi, Viktor Arvidsson - PP : Alexander Wennberg, Kyle Okposo - PK : Kyle Okposo
Extra Defensemen
Normal : Dougie Hamilton, Jake McCabe, Johnny Boychuk - PP : Dougie Hamilton - PK : Dougie Hamilton, Jake McCabe
Penalty Shots
Viktor Arvidsson, Ryan Johansen, Jason Zucker, Noel Acciari, Kyle Okposo
Scratches
None
% Time on Ice - Golden Knights
Lines # - Real PCT - Wanted PCT - Time Play
Normal Forward
1 - 32% - 40% - 15:27
2 - 31% - 30% - 14:38
3 - 26% - 20% - 12:19
4 - 12% - 10% - 5:34
Normal Defense
1 - 38% - 40% - 18:25
2 - 32% - 30% - 15:21
3 - 25% - 20% - 11:51
4 - 5% - 10% - 2:21
PP Forward
1 - 55% - 60% - 4:32
2 - 45% - 40% - 3:47
PP Defense
1 - 60% - 60% - 5:00
2 - 40% - 40% - 3:19
PK Forward
1 - 84% - 60% - 3:07
2 - 16% - 40% - 0:36
PK Defense
1 - 65% - 60% - 2:25
2 - 35% - 40% - 1:18
PK3 Forward
1 - 100% - 60% - 0:15
2 - 0% - 40% - 0:00
PK3 Defense
1 - 100% - 60% - 0:15
2 - 0% - 40% - 0:00
44 Forward
1 - 81% - 60% - 3:51
2 - 19% - 40% - 0:54
44 Defense
1 - 60% - 60% - 2:52
2 - 40% - 40% - 1:53
Last Minute Offensive - 0:00
Last Minute Defensive - 0:00
Total
Forward - 65:00
Defense - 65:00
|
% Time on Ice - Jets
Lines # - Real PCT - Wanted PCT - Time Play
Normal Forward
1 - 35% - 40% - 16:46
2 - 27% - 30% - 12:46
3 - 22% - 20% - 10:39
4 - 16% - 10% - 7:47
Normal Defense
1 - 42% - 40% - 20:01
2 - 31% - 30% - 14:38
3 - 22% - 20% - 10:33
4 - 6% - 10% - 2:46
PP Forward
1 - 53% - 60% - 1:58
2 - 47% - 40% - 1:45
PP Defense
1 - 62% - 60% - 2:19
2 - 38% - 40% - 1:24
PK Forward
1 - 74% - 60% - 6:08
2 - 26% - 40% - 2:11
PK Defense
1 - 52% - 60% - 4:18
2 - 48% - 40% - 4:01
PK3 Forward
1 - 0% - 60%
2 - 0% - 40%
PK3 Defense
1 - 0% - 60%
2 - 0% - 40%
44 Forward
1 - 85% - 60% - 4:14
2 - 15% - 40% - 0:46
44 Defense
1 - 64% - 60% - 3:11
2 - 36% - 40% - 1:49
Last Minute Offensive - 0:00
Last Minute Defensive - 0:00
Total
Forward - 65:00
Defense - 65:00
|
Play-by-Play
1st period
0:01 of 1st period - Ryan Johansen wins face-off versus Andrei Loktionov in neutral zone.
0:35 of 1st period - Snap shot by Andrei Loktionov.
0:35 of 1st period - Goal by Andrei Loktionov - Golden Knights : 1 - Jets : 0.
0:36 of 1st period - Adam Henrique wins face-off versus Matt Stajan in neutral zone.
0:39 of 1st period - Kellan Lain is hit by Kyle Okposo and loses puck.
0:48 of 1st period - Snap shot by Vladimir Mihalik.
0:48 of 1st period - Stopped by Michal Neuvirth with a rebound.
0:50 of 1st period - Slapshot by Olli Maatta.
0:50 of 1st period - Shot Misses the Net.
0:52 of 1st period - Slapshot by Kellan Lain.
0:52 of 1st period - Shot Misses the Net.
1:08 of 1st period - Slapshot by Marco Scandella.
1:08 of 1st period - Shot Misses the Net.
1:42 of 1st period - Wrist shot by Alexander Wennberg.
1:42 of 1st period - Deflect By Pierre-Marc Bouchard.
1:42 of 1st period - Shot Misses the Net.
1:42 of 1st period - Puck is out of play.
1:43 of 1st period - Alexander Wennberg wins face-off versus Matt Stajan in Golden Knights zone.
1:48 of 1st period - Wrist shot by Alexander Wennberg.
1:48 of 1st period - Shot Misses the Net.
1:50 of 1st period - Wrist shot by Jeff Schultz.
1:50 of 1st period - Deflect By Alexander Wennberg.
1:50 of 1st period - Goal by Alexander Wennberg - Golden Knights : 1 - Jets : 1.
1:51 of 1st period - Adam Henrique wins face-off versus Andrei Loktionov in neutral zone.
2:16 of 1st period - Luke Glendening is hit by Jason Zucker and loses puck.
2:21 of 1st period - Snap shot by Viktor Arvidsson.
2:21 of 1st period - Stopped by Matt Hackett without a rebound.
2:22 of 1st period - Thomas Vanek wins face-off versus Ryan Johansen in Golden Knights zone.
3:23 of 1st period - Snap shot by Adam Henrique.
3:23 of 1st period - Stopped by Matt Hackett without a rebound.
3:24 of 1st period - Max Domi wins face-off versus Matt Stajan in Golden Knights zone.
3:27 of 1st period - Snap shot by Adam Henrique.
3:27 of 1st period - Stopped by Matt Hackett with a rebound.
3:51 of 1st period - Wrist shot by Kellan Lain.
3:51 of 1st period - Deflect By Matt Stajan.
3:51 of 1st period - Stopped by Michal Neuvirth with a rebound.
3:53 of 1st period - Wrist shot by Matt Stajan.
3:53 of 1st period - Shot Misses the Net.
3:55 of 1st period - Wrist shot by Luke Glendening.
3:55 of 1st period - Stopped by Michal Neuvirth with a rebound.
3:57 of 1st period - Snap shot by Danny DeKeiser.
3:57 of 1st period - Shot Misses the Net.
3:59 of 1st period - Slapshot by Danny DeKeiser.
3:59 of 1st period - Deflect By Matt Stajan.
3:59 of 1st period - Shot Misses the Net.
3:59 of 1st period - Puck is out of play.
4:00 of 1st period - Andrei Loktionov wins face-off versus Noel Acciari in Jets zone.
4:03 of 1st period - Slapshot by Andrei Loktionov.
4:03 of 1st period - Shot Misses the Net.
4:21 of 1st period - Minor Penalty to Noel Acciari for Hooking.
4:22 of 1st period - Andrew Cogliano wins face-off versus Kyle Okposo in Jets zone.
4:27 of 1st period - Slapshot by Zach Bogosian.
4:27 of 1st period - Deflect By Andrei Loktionov.
4:27 of 1st period - Shot Misses the Net.
4:27 of 1st period - Puck is out of play.
4:28 of 1st period - Kyle Okposo wins face-off versus Andrei Loktionov in Jets zone.
4:37 of 1st period - Mathew Dumba is hit by Kyle Okposo and loses puck.
4:42 of 1st period - Snap shot by Kyle Okposo.
4:42 of 1st period - Stopped by Matt Hackett with a rebound.
5:46 of 1st period - Zach Bogosian is hit by Ryan Johansen and loses puck.
6:21 of 1st period - Penalty to Noel Acciari is over, Noel Acciari is back on ice.
6:25 of 1st period - Wrist shot by Noel Acciari.
6:25 of 1st period - Stopped by Matt Hackett with a rebound.
6:37 of 1st period - Slapshot by Adam Henrique.
6:37 of 1st period - Shot Misses the Net.
6:39 of 1st period - Slapshot by Jeff Schultz.
6:39 of 1st period - Shot Blocked by Matt Stajan.
6:43 of 1st period - Wrist shot by Noel Acciari.
6:43 of 1st period - Shot Blocked by Danny DeKeiser.
6:45 of 1st period - Snap shot by Jason Zucker.
6:45 of 1st period - Shot Blocked by Danny DeKeiser.
6:47 of 1st period - Snap shot by Adam Henrique.
6:47 of 1st period - Stopped by Matt Hackett with a rebound.
6:51 of 1st period - Wrist shot by Adam Henrique.
6:51 of 1st period - Stopped by Matt Hackett with a rebound.
6:53 of 1st period - Snap shot by Adam Henrique.
6:53 of 1st period - Shot Misses the Net.
6:55 of 1st period - Slapshot by Brent Burns.
6:55 of 1st period - Stopped by Matt Hackett with a rebound.
6:57 of 1st period - Snap shot by Noel Acciari.
6:57 of 1st period - Shot Blocked by Kellan Lain.
7:49 of 1st period - Snap shot by Matt Stajan.
7:49 of 1st period - Deflect By Noel Acciari.
7:49 of 1st period - Shot Blocked by Jeff Schultz.
7:49 of 1st period - Puck is out of play.
7:50 of 1st period - Alexander Wennberg wins face-off versus Andrei Loktionov in Jets zone.
8:21 of 1st period - Wrist shot by Frank Vatrano.
8:21 of 1st period - Shot Misses the Net.
8:23 of 1st period - Wrist shot by Frank Vatrano.
8:23 of 1st period - Shot Misses the Net.
8:33 of 1st period - Snap shot by Max Domi.
8:33 of 1st period - Shot Misses the Net.
10:49 of 1st period - Danny DeKeiser is hit by Viktor Arvidsson and loses puck.
12:14 of 1st period - Danny DeKeiser is hit by Alexander Wennberg and loses puck.
12:33 of 1st period - Olli Maatta is hit by Frank Vatrano and loses puck.
13:04 of 1st period - Jake McCabe is hit by Jamie Oleksiak and loses puck.
13:48 of 1st period - Nathan Horton is hit by Viktor Arvidsson and loses puck.
14:26 of 1st period - Martin Hanzal is hit by Alexander Wennberg and loses puck.
14:31 of 1st period - Wrist shot by Alexander Wennberg.
14:31 of 1st period - Stopped by Matt Hackett without a rebound.
14:32 of 1st period - Thomas Vanek wins face-off versus Alexander Wennberg in Golden Knights zone.
14:45 of 1st period - Matt Stajan is hit by Viktor Arvidsson and loses puck.
15:30 of 1st period - Icing by Johnny Boychuk.
15:31 of 1st period - Noel Acciari wins face-off versus Martin Hanzal in Jets zone.
15:42 of 1st period - Backhand shot by Nathan Horton.
15:42 of 1st period - Shot Blocked by Johnny Boychuk.
16:18 of 1st period - Slapshot by Chris Tierney.
16:18 of 1st period - Stopped by Michal Neuvirth with a rebound.
16:24 of 1st period - Slapshot by Jeff Schultz.
16:24 of 1st period - Shot Blocked by Thomas Vanek.
16:34 of 1st period - Danny DeKeiser is hit by Jordan Martinook and loses puck.
17:01 of 1st period - Snap shot by Max Domi.
17:01 of 1st period - Stopped by Matt Hackett with a rebound.
17:25 of 1st period - Slapshot by Matt Stajan.
17:25 of 1st period - Deflect By Kellan Lain.
17:25 of 1st period - Shot Misses the Net.
17:25 of 1st period - Puck is out of play.
17:26 of 1st period - Andrei Loktionov wins face-off versus Ryan Johansen in Jets zone.
17:31 of 1st period - Snap shot by Andrei Loktionov.
17:31 of 1st period - Stopped by Michal Neuvirth with a rebound.
17:33 of 1st period - Slapshot by Andrei Loktionov.
17:33 of 1st period - Stopped by Michal Neuvirth with a rebound.
17:35 of 1st period - Snap shot by Andrei Loktionov.
17:35 of 1st period - Goal by Andrei Loktionov - Golden Knights : 2 - Jets : 1.
17:36 of 1st period - Andrei Loktionov wins face-off versus Adam Henrique in neutral zone.
18:03 of 1st period - Jason Zucker is hit by Chris Tierney and loses puck.
18:22 of 1st period - Wrist shot by Matt Stajan.
18:22 of 1st period - Stopped by Michal Neuvirth without a rebound.
18:23 of 1st period - Matt Stajan wins face-off versus Alexander Wennberg in Jets zone.
18:36 of 1st period - Slapshot by Matt Stajan.
18:36 of 1st period - Stopped by Michal Neuvirth with a rebound.
18:38 of 1st period - Snap shot by Kellan Lain.
18:38 of 1st period - Shot Hit the Post.
18:52 of 1st period - Max Domi is hit by Mathew Dumba and loses puck.
19:09 of 1st period - Snap shot by Chris Tierney.
19:09 of 1st period - Stopped by Michal Neuvirth with a rebound.
19:11 of 1st period - Snap shot by Damien Brunner.
19:11 of 1st period - Shot Misses the Net.
19:21 of 1st period - Brent Burns is hit by Damien Brunner and loses puck.
19:32 of 1st period - Marco Scandella is hit by Danny DeKeiser and loses puck.
Goals for this period are 2 for Golden Knights vs 1 for Jets.
Shots for this period are 11 for Golden Knights vs 11 for Jets.
2nd period
0:01 of 2nd period - Andrei Loktionov wins face-off versus Ryan Johansen in neutral zone.
0:08 of 2nd period - Backhand shot by Zach Bogosian.
0:08 of 2nd period - Stopped by Michal Neuvirth with a rebound.
0:10 of 2nd period - Slapshot by Mathew Dumba.
0:10 of 2nd period - Stopped by Michal Neuvirth without a rebound.
0:11 of 2nd period - Andrei Loktionov wins face-off versus Adam Henrique in Jets zone.
0:50 of 2nd period - Wrist shot by Ryan Johansen.
0:50 of 2nd period - Shot Blocked by Matt Stajan.
1:04 of 2nd period - Pierre-Marc Bouchard is hit by Thomas Vanek and loses puck.
1:10 of 2nd period - Icing by Brent Burns.
1:11 of 2nd period - Alexander Wennberg wins face-off versus Andrei Loktionov in Jets zone.
1:20 of 2nd period - Wrist shot by Eric Nystrom.
1:20 of 2nd period - Stopped by Matt Hackett with a rebound.
1:22 of 2nd period - Wrist shot by Alexander Wennberg.
1:22 of 2nd period - Shot Blocked by Danny DeKeiser.
1:44 of 2nd period - Wrist shot by Alexander Wennberg.
1:44 of 2nd period - Goal by Alexander Wennberg - Golden Knights : 2 - Jets : 2.
1:45 of 2nd period - Matt Stajan wins face-off versus Viktor Arvidsson in neutral zone.
2:00 of 2nd period - Wrist shot by Matt Stajan.
2:00 of 2nd period - Stopped by Michal Neuvirth without a rebound.
2:01 of 2nd period - Adam Henrique wins face-off versus Andrei Loktionov in Jets zone.
2:31 of 2nd period - Snap shot by Ryan Johansen.
2:31 of 2nd period - Stopped by Matt Hackett with a rebound.
2:33 of 2nd period - Slapshot by Ryan Johansen.
2:33 of 2nd period - Stopped by Matt Hackett with a rebound.
2:35 of 2nd period - Wrist shot by Jason Zucker.
2:35 of 2nd period - Shot Misses the Net.
2:37 of 2nd period - Slapshot by Jeff Schultz.
2:37 of 2nd period - Shot Blocked by Damien Brunner.
2:59 of 2nd period - Wrist shot by Frank Vatrano.
2:59 of 2nd period - Stopped by Matt Hackett without a rebound.
3:00 of 2nd period - Noel Acciari wins face-off versus Andrei Loktionov in Golden Knights zone.
3:03 of 2nd period - Wrist shot by Frank Vatrano.
3:03 of 2nd period - Deflect By Andrew Cogliano.
3:03 of 2nd period - Stopped by Matt Hackett with a rebound.
3:25 of 2nd period - Marco Scandella is hit by Matt Stajan.
3:51 of 2nd period - Olli Maatta is hit by Adam Henrique and loses puck.
4:57 of 2nd period - Minor Penalty to Brent Burns for Hooking.
4:58 of 2nd period - Noel Acciari wins face-off versus Andrei Loktionov in Jets zone.
5:48 of 2nd period - Johnny Boychuk is hit by Andrew Cogliano and loses puck.
6:51 of 2nd period - Wrist shot by Thomas Vanek.
6:51 of 2nd period - Stopped by Michal Neuvirth with a rebound.
6:57 of 2nd period - Penalty to Brent Burns is over, Brent Burns is back on ice.
7:03 of 2nd period - Snap shot by Chris Tierney.
7:03 of 2nd period - Deflect By Thomas Vanek.
7:03 of 2nd period - Stopped by Michal Neuvirth without a rebound.
7:04 of 2nd period - Chris Tierney wins face-off versus Adam Henrique in Jets zone.
7:05 of 2nd period - Snap shot by Thomas Vanek.
7:05 of 2nd period - Stopped by Michal Neuvirth with a rebound.
7:21 of 2nd period - Olli Maatta is hit by Max Domi and loses puck.
8:25 of 2nd period - Wrist shot by Adam Henrique.
8:25 of 2nd period - Shot Blocked by Eric Gryba.
8:27 of 2nd period - Wrist shot by Kyle Okposo.
8:27 of 2nd period - Stopped by Matt Hackett without a rebound.
8:28 of 2nd period - Matt Stajan wins face-off versus Adam Henrique in Golden Knights zone.
8:52 of 2nd period - Icing by Luke Glendening.
8:53 of 2nd period - Ryan Johansen wins face-off versus Kellan Lain in Golden Knights zone.
8:54 of 2nd period - Slapshot by Viktor Arvidsson.
8:54 of 2nd period - Shot Blocked by Zach Bogosian.
8:56 of 2nd period - Snap shot by Jason Zucker.
8:56 of 2nd period - Shot Misses the Net.
8:58 of 2nd period - Snap shot by Jason Zucker.
8:58 of 2nd period - Stopped by Matt Hackett without a rebound.
8:59 of 2nd period - Andrei Loktionov wins face-off versus Ryan Johansen in Golden Knights zone.
9:07 of 2nd period - Minor Penalty to Marco Scandella for Hooking.
9:08 of 2nd period - Noel Acciari wins face-off versus Andrei Loktionov in Jets zone.
9:18 of 2nd period - Backhand shot by Zach Bogosian.
9:18 of 2nd period - Deflect By Frank Vatrano.
9:18 of 2nd period - Stopped by Michal Neuvirth with a rebound.
9:20 of 2nd period - Wrist shot by Nathan Horton.
9:20 of 2nd period - Goal by Nathan Horton - Golden Knights : 3 - Jets : 2.
9:21 of 2nd period - Ryan Johansen wins face-off versus Andrei Loktionov in neutral zone.
10:21 of 2nd period - Slapshot by Kellan Lain.
10:21 of 2nd period - Stopped by Michal Neuvirth without a rebound.
10:22 of 2nd period - Andrei Loktionov wins face-off versus Ryan Johansen in Jets zone.
10:27 of 2nd period - Snap shot by Andrew Cogliano.
10:27 of 2nd period - Shot Misses the Net.
10:29 of 2nd period - Snap shot by Tom Wilson.
10:29 of 2nd period - Shot Misses the Net.
10:31 of 2nd period - Slapshot by Danny DeKeiser.
10:31 of 2nd period - Deflect By Viktor Arvidsson.
10:31 of 2nd period - Stopped by Michal Neuvirth with a rebound.
11:10 of 2nd period - Slapshot by Dougie Hamilton.
11:10 of 2nd period - Stopped by Matt Hackett without a rebound.
11:11 of 2nd period - Eric Nystrom wins face-off versus Chris Tierney in Golden Knights zone.
11:24 of 2nd period - Snap shot by Alexander Wennberg.
11:24 of 2nd period - Goal by Alexander Wennberg - Golden Knights : 3 - Jets : 3.
11:25 of 2nd period - Ryan Johansen wins face-off versus Andrei Loktionov in neutral zone.
11:34 of 2nd period - Backhand shot by Ryan Johansen.
11:34 of 2nd period - Stopped by Matt Hackett with a rebound.
11:36 of 2nd period - Slapshot by Dougie Hamilton.
11:36 of 2nd period - Stopped by Matt Hackett without a rebound.
11:37 of 2nd period - Andrei Loktionov wins face-off versus Ryan Johansen in Golden Knights zone.
12:02 of 2nd period - Zach Bogosian is hit by Kyle Okposo and loses puck.
12:07 of 2nd period - Slapshot by Adam Henrique.
12:07 of 2nd period - Shot Blocked by Kellan Lain.
12:09 of 2nd period - Slapshot by Kyle Okposo.
12:09 of 2nd period - Stopped by Matt Hackett with a rebound.
12:47 of 2nd period - Snap shot by Andrei Loktionov.
12:47 of 2nd period - Stopped by Michal Neuvirth without a rebound.
12:48 of 2nd period - Noel Acciari wins face-off versus Andrei Loktionov in Jets zone.
12:48 of 2nd period - Noel Acciari is hit by Tom Wilson.
12:57 of 2nd period - Off-side.
12:58 of 2nd period - Ryan Johansen wins face-off versus Andrei Loktionov in neutral zone.
13:03 of 2nd period - Wrist shot by Viktor Arvidsson.
13:03 of 2nd period - Shot Misses the Net.
13:47 of 2nd period - Snap shot by Thomas Vanek.
13:47 of 2nd period - Stopped by Michal Neuvirth without a rebound.
13:47 of 2nd period - Minor Penalty to Michal Neuvirth for Slashing.
13:48 of 2nd period - Noel Acciari wins face-off versus Andrei Loktionov in Jets zone.
15:47 of 2nd period - Penalty to Jeff Schultz is over, Jeff Schultz is back on ice.
16:58 of 2nd period - Minor Penalty to Jordan Martinook for Roughing.
16:59 of 2nd period - Damien Brunner wins face-off versus Noel Acciari in Jets zone.
17:08 of 2nd period - Wrist shot by Kellan Lain.
17:08 of 2nd period - Deflect By Matt Stajan.
17:08 of 2nd period - Goal by Matt Stajan - Golden Knights : 4 - Jets : 3.
17:09 of 2nd period - Ryan Johansen wins face-off versus Andrei Loktionov in neutral zone.
17:52 of 2nd period - Snap shot by Viktor Arvidsson.
17:52 of 2nd period - Stopped by Matt Hackett with a rebound.
18:48 of 2nd period - Andrei Loktionov is hit by Noel Acciari and loses puck.
19:00 of 2nd period - Icing by Frank Vatrano.
19:01 of 2nd period - Noel Acciari wins face-off versus Chris Tierney in Jets zone.
19:57 of 2nd period - Slapshot by Andrei Loktionov.
19:57 of 2nd period - Shot Misses the Net.
Goals for this period are 2 for Golden Knights vs 2 for Jets.
Shots for this period are 13 for Golden Knights vs 14 for Jets.
3rd period
0:01 of 3rd period - Ryan Johansen wins face-off versus Andrei Loktionov in neutral zone.
1:13 of 3rd period - Minor Penalty to Dougie Hamilton for Slashing.
1:14 of 3rd period - Noel Acciari wins face-off versus Andrei Loktionov in Jets zone.
1:45 of 3rd period - Off-side.
1:46 of 3rd period - Ryan Johansen wins face-off versus Matt Stajan in neutral zone.
1:49 of 3rd period - Slapshot by Jeff Schultz.
1:49 of 3rd period - Shot Blocked by Danny DeKeiser.
1:51 of 3rd period - Snap shot by Eric Nystrom.
1:51 of 3rd period - Shot Blocked by Eric Gryba.
1:53 of 3rd period - Wrist shot by Ryan Johansen.
1:53 of 3rd period - Stopped by Matt Hackett with a rebound.
1:55 of 3rd period - Slapshot by Brent Burns.
1:55 of 3rd period - Shot Blocked by Eric Gryba.
1:57 of 3rd period - Slapshot by Jeff Schultz.
1:57 of 3rd period - Stopped by Matt Hackett with a rebound.
2:09 of 3rd period - Snap shot by Kellan Lain.
2:09 of 3rd period - Stopped by Michal Neuvirth with a rebound.
2:11 of 3rd period - Slapshot by Damien Brunner.
2:11 of 3rd period - Stopped by Michal Neuvirth with a rebound.
2:13 of 3rd period - Snap shot by Damien Brunner.
2:13 of 3rd period - Shot Blocked by Jeff Schultz.
2:15 of 3rd period - Wrist shot by Kellan Lain.
2:15 of 3rd period - Shot Misses the Net.
2:17 of 3rd period - Wrist shot by Damien Brunner.
2:17 of 3rd period - Stopped by Michal Neuvirth without a rebound.
2:18 of 3rd period - Andrei Loktionov wins face-off versus Noel Acciari in Jets zone.
3:13 of 3rd period - Penalty to Dougie Hamilton is over, Dougie Hamilton is back on ice.
4:05 of 3rd period - Kellan Lain is hit by Jake McCabe and loses puck.
5:00 of 3rd period - Wrist shot by Eric Nystrom.
5:00 of 3rd period - Stopped by Matt Hackett with a rebound.
5:44 of 3rd period - Wrist shot by Frank Vatrano.
5:44 of 3rd period - Stopped by Matt Hackett without a rebound.
5:45 of 3rd period - Noel Acciari wins face-off versus Martin Hanzal in Golden Knights zone.
7:50 of 3rd period - Snap shot by Viktor Arvidsson.
7:50 of 3rd period - Stopped by Matt Hackett without a rebound.
7:51 of 3rd period - Adam Henrique wins face-off versus Andrei Loktionov in Golden Knights zone.
7:58 of 3rd period - Snap shot by Andrei Loktionov.
7:58 of 3rd period - Shot Blocked by Brent Burns.
8:06 of 3rd period - Snap shot by Kyle Okposo.
8:06 of 3rd period - Stopped by Matt Hackett with a rebound.
9:06 of 3rd period - Slapshot by Dougie Hamilton.
9:06 of 3rd period - Stopped by Matt Hackett without a rebound.
9:07 of 3rd period - Ryan Johansen wins face-off versus Andrei Loktionov in Golden Knights zone.
9:16 of 3rd period - Wrist shot by Ryan Johansen.
9:16 of 3rd period - Deflect By Viktor Arvidsson.
9:16 of 3rd period - Goal by Viktor Arvidsson - Golden Knights : 4 - Jets : 4.
9:17 of 3rd period - Andrei Loktionov wins face-off versus Jason Zucker in neutral zone.
9:22 of 3rd period - Wrist shot by Andrei Loktionov.
9:22 of 3rd period - Shot Misses the Net.
9:42 of 3rd period - Matt Stajan is hit by Max Domi and loses puck.
9:53 of 3rd period - Eric Gryba is hit by Brent Burns and loses puck.
10:04 of 3rd period - Slapshot by Noel Acciari.
10:04 of 3rd period - Stopped by Matt Hackett with a rebound.
10:06 of 3rd period - Slapshot by Johnny Boychuk.
10:06 of 3rd period - Deflect By Jordan Martinook.
10:06 of 3rd period - Shot Misses the Net.
10:06 of 3rd period - Puck is out of play.
10:07 of 3rd period - Noel Acciari wins face-off versus Andrei Loktionov in Golden Knights zone.
10:08 of 3rd period - Snap shot by Jordan Martinook.
10:08 of 3rd period - Shot Misses the Net.
10:10 of 3rd period - Snap shot by Jordan Martinook.
10:10 of 3rd period - Deflect By Frank Vatrano.
10:10 of 3rd period - Shot Misses the Net.
10:10 of 3rd period - Puck is out of play.
10:11 of 3rd period - Andrei Loktionov wins face-off versus Noel Acciari in Golden Knights zone.
10:36 of 3rd period - Matt Stajan is hit by Viktor Arvidsson and loses puck.
10:59 of 3rd period - Snap shot by Mathew Dumba.
10:59 of 3rd period - Shot Misses the Net.
11:05 of 3rd period - Slapshot by Damien Brunner.
11:05 of 3rd period - Stopped by Michal Neuvirth with a rebound.
11:07 of 3rd period - Slapshot by Zach Bogosian.
11:07 of 3rd period - Deflect By Thomas Vanek.
11:07 of 3rd period - Shot Misses the Net.
11:07 of 3rd period - Puck is out of play.
11:08 of 3rd period - Andrei Loktionov wins face-off versus Ryan Johansen in Jets zone.
11:09 of 3rd period - Backhand shot by Andrew Cogliano.
11:09 of 3rd period - Stopped by Michal Neuvirth with a rebound.
11:11 of 3rd period - Slapshot by Eric Gryba.
11:11 of 3rd period - Shot Blocked by Viktor Arvidsson.
11:15 of 3rd period - Wrist shot by Andrei Loktionov.
11:15 of 3rd period - Shot Misses the Net.
11:17 of 3rd period - Wrist shot by Andrew Cogliano.
11:17 of 3rd period - Shot Blocked by Jason Zucker.
11:19 of 3rd period - Snap shot by Andrei Loktionov.
11:19 of 3rd period - Shot Misses the Net.
11:33 of 3rd period - Dougie Hamilton is hit by Thomas Vanek and loses puck.
13:17 of 3rd period - Off-side.
13:18 of 3rd period - Alexander Wennberg wins face-off versus Matt Stajan in neutral zone.
14:33 of 3rd period - Icing by Olli Maatta.
14:34 of 3rd period - Ryan Johansen wins face-off versus Matt Stajan in Golden Knights zone.
14:54 of 3rd period - Minor Penalty to Vladimir Mihalik for Roughing.
14:55 of 3rd period - Adam Henrique wins face-off versus Andrei Loktionov in Golden Knights zone.
14:57 of 3rd period - Snap shot by Viktor Arvidsson.
14:57 of 3rd period - Stopped by Matt Hackett with a rebound.
16:09 of 3rd period - Wrist shot by Ryan Johansen.
16:09 of 3rd period - Stopped by Matt Hackett without a rebound.
16:10 of 3rd period - Adam Henrique wins face-off versus Andrei Loktionov in Golden Knights zone.
16:13 of 3rd period - Slapshot by Jason Zucker.
16:13 of 3rd period - Stopped by Matt Hackett without a rebound.
16:14 of 3rd period - Adam Henrique wins face-off versus Andrei Loktionov in Golden Knights zone.
16:19 of 3rd period - Wrist shot by Viktor Arvidsson.
16:19 of 3rd period - Shot Misses the Net.
16:54 of 3rd period - Penalty to Vladimir Mihalik is over, Vladimir Mihalik is back on ice.
16:56 of 3rd period - Snap shot by Viktor Arvidsson.
16:56 of 3rd period - Shot Misses the Net.
16:58 of 3rd period - Snap shot by Viktor Arvidsson.
16:58 of 3rd period - Shot Misses the Net.
17:00 of 3rd period - Slapshot by Viktor Arvidsson.
17:00 of 3rd period - Shot Blocked by Luke Glendening.
17:02 of 3rd period - Slapshot by Viktor Arvidsson.
17:02 of 3rd period - Deflect By Adam Henrique.
17:02 of 3rd period - Shot Misses the Net.
17:02 of 3rd period - Puck is out of play.
17:03 of 3rd period - Alexander Wennberg wins face-off versus Chris Tierney in Golden Knights zone.
17:51 of 3rd period - Snap shot by Jake McCabe.
17:51 of 3rd period - Deflect By Frank Vatrano.
17:51 of 3rd period - Stopped by Matt Hackett without a rebound.
17:52 of 3rd period - Andrei Loktionov wins face-off versus Alexander Wennberg in Golden Knights zone.
18:15 of 3rd period - Minor Penalty to Tom Wilson for Tripping.
18:16 of 3rd period - Adam Henrique wins face-off versus Andrei Loktionov in Golden Knights zone.
19:07 of 3rd period - Brent Burns is hit by Eric Gryba and loses puck.
Goals for this period are 0 for Golden Knights vs 1 for Jets.
Shots for this period are 5 for Golden Knights vs 13 for Jets.
Overtime #1
0:01 of 1st overtime period - Andrei Loktionov wins face-off versus Adam Henrique in neutral zone.
0:15 of 1st overtime period - Penalty to Tom Wilson is over, Tom Wilson is back on ice.
1:39 of 1st overtime period - Mathew Dumba is hit by Ryan Johansen and loses puck.
2:02 of 1st overtime period - Brent Burns is hit by Chris Tierney and loses puck.
3:14 of 1st overtime period - Jason Zucker is hit by Andrew Cogliano.
3:31 of 1st overtime period - Snap shot by Andrei Loktionov.
3:31 of 1st overtime period - Stopped by Michal Neuvirth without a rebound.
3:32 of 1st overtime period - Adam Henrique wins face-off versus Matt Stajan in Jets zone.
4:07 of 1st overtime period - Wrist shot by Thomas Vanek.
4:07 of 1st overtime period - Shot Blocked by Dougie Hamilton.
4:15 of 1st overtime period - Thomas Vanek is hit by Ryan Johansen and loses puck.
4:34 of 1st overtime period - Zach Bogosian is hit by Max Domi and loses puck.
4:39 of 1st overtime period - Snap shot by Viktor Arvidsson.
4:39 of 1st overtime period - Stopped by Matt Hackett without a rebound.
4:40 of 1st overtime period - Adam Henrique wins face-off versus Luke Glendening in Golden Knights zone.
Goals for this period are 0 for Golden Knights vs 0 for Jets.
Shots for this period are 1 for Golden Knights vs 1 for Jets.
ShootOut
5:00 of 1st overtime period - Round #1.
5:00 of 1st overtime period - Golden Knights, Andrei Loktionov.
5:00 of 1st overtime period - Wrist shot by Andrei Loktionov.
5:00 of 1st overtime period - Shot Misses the Net.
5:00 of 1st overtime period - Jets, Viktor Arvidsson.
5:00 of 1st overtime period - Deke by Viktor Arvidsson.
5:00 of 1st overtime period - Goal by Viktor Arvidsson.
5:00 of 1st overtime period - Round #2.
5:00 of 1st overtime period - Golden Knights, Andrew Cogliano.
5:00 of 1st overtime period - Snap shot by Andrew Cogliano.
5:00 of 1st overtime period - Stopped by Michal Neuvirth.
5:00 of 1st overtime period - Jets, Ryan Johansen.
5:00 of 1st overtime period - Backhand shot by Ryan Johansen.
5:00 of 1st overtime period - Goal by Ryan Johansen.
5:00 of 1st overtime period - Round #3.